 Dungeon Crawl Stone Soup version 0.31-a0-44-g49d609d0da (webtiles) character file.

Game seed: 441264834540534261

2435 omnomnOMINOUS the Ducker (level 9, -5/61 HPs)
             Began as an Octopode Wanderer on May 20, 2023.
             Was an Elder of Makhleb.
             Slain by a gnoll
             ... wielding a +0 halberd
             ... led by a gnoll bouda
              (12 damage)
             ... on level 7 of the Dungeon.
             The game lasted 00:12:30 (6255 turns).

omnomnOMINOUS the Ducker (Octopode Wanderer)        Turns: 6255, Time: 00:12:31

Health: -5/61      AC:  4    Str: 10    XL:     9   Next: 49%
Magic:  13/13      EV: 14    Int: 19    God:    Makhleb [****..]
Gold:   305        SH: 10    Dex: 12    Spells: 9/10 levels left

rFire   . . .        a - +0 dagger (freeze)
rCold   . . .        c - +0 buckler {AC+3}
rNeg    . . .        (helmet restricted)
rPois   .            h - amulet of reflection
rElec   .            (no ring)
rCorr   .            (no ring)
SInv    .            (no ring)
Will    .....        (no ring)
Stlth   +++          (no ring)
HPRegen 0.30/turn    (no ring)
MPRegen 0.13/turn    (no ring)
                     (no ring)

%: reflection
@: no status effects
A: almost no armour, amphibious, 8 rings, camouflage 1, gelatinous body 1,
(nimble swimmer 1), tentacles
a: Renounce Religion, Minor Destruction, Lesser Servant of Makhleb, Major
Destruction


You were on level 7 of the Dungeon.
You worshipped Makhleb.
Makhleb was greatly pleased with you.
You visited 1 branch of the dungeon, and saw 7 of its levels.
You also visited: Ossuary.

You collected 305 gold pieces.

Inventory:

Hand Weapons
 a - a +0 dagger of freezing (weapon)
Missiles
 b - 37 poisoned darts (quivered)
 q - 3 curare-tipped darts
Armour
 c - a +0 buckler of protection (worn)
Magical Staves
 t - a staff of air
Jewellery
 h - an amulet of reflection (around mantle)
Wands
 w - a wand of polymorph (11)
 y - a wand of iceblast (5)
Scrolls
 d - 3 scrolls of fog
 f - a scroll of blinking
 g - 4 scrolls of teleportation
 i - 2 scrolls of poison
 j - a scroll of vulnerability
 k - a scroll of fear
 l - 3 scrolls of butterflies
 o - a scroll of brand weapon
 p - 3 scrolls of identify
 r - a scroll of magic mapping
 s - a scroll of enchant weapon
 x - a scroll of torment
 z - a scroll of amnesia {unknown}
Potions
 e - 3 potions of curing
 m - a potion of brilliance {unknown}
 n - 2 potions of heal wounds
 u - 2 potions of resistance
 v - a potion of haste


   Skills:
 + Level 5.6 Fighting
 + Level 5.5 Short Blades
 - Level 1.0 Throwing
 + Level 6.1 Dodging
 - Level 2.4 Stealth
 - Level 5.0 Shields
 - Level 1.0 Spellcasting
 - Level 2.4 Poison Magic
 + Level 5.9 Invocations
 - Level 1.1 Evocations


You had 9 spell levels left.
You knew the following spells:

 Your Spells              Type           Power      Damage    Failure   Level
a - Sting                 Tmut/Pois      20%        1d4       16%         1

Your spell library contained the following spells:

 Spells                   Type           Power      Damage    Failure   Level
 Necrotise                Necr           0%         1d4       26%         1
 Ensorcelled Hibernation  Hex/Ice        0%         N/A       36%         2
 Passwall                 Tmut/Erth      0%         N/A       36%         2
 Ignite Poison            Fire/Tmut/Pois 4%         N/A       50%         3
 Stone Arrow              Conj/Erth      0%         3d7       61%         3
 Swiftness                Air            0%         N/A       61%         3
 Vampiric Draining        Necr           0%         2d6       61%         3
 Agony                    Necr           0%         N/A       100%        5
 Lehudib's Crystal Spear  Conj/Erth      0%         10d2      100%        8
 Animate Armour           Summ/Erth      Unusable   N/A       N/A         4

Dungeon Overview and Level Annotations

Branches:
Dungeon (7/15)             Temple (0/1) D:5         Ossuary (visited)

Altars:
Ashenzari
Fedhas
Gozag
Hepliaklqana
Makhleb
Nemelex Xobeh
Okawaru
Ru
Uskayaw
Zin

Annotations:
D:7 Joseph


Innate Abilities, Weirdness & Mutations

You cannot wear most types of armour.
You are amphibious.
You can wear up to eight rings at the same time.
Your skin changes colour to match your surroundings (Stealth+).
Your rubbery body absorbs attacks. (AC +1, EV +1)
((You are camouflaged when in or above water. (Stealth+)))
You have tentacles for arms and can constrict up to eight enemies at once.


Message History

You hit the ice beast but do no damage. Your squeeze misses the ice beast.
The ice beast is lightly wounded.
You block the ice beast's attack.
You hit the ice beast but do no damage.
The ice beast is lightly wounded.
You block the ice beast's attack.
You hit the ice beast but do no damage.
The ice beast is lightly wounded.
The gnoll closely misses you. The ice beast barely misses you.
You hit the ice beast but do no damage. Your squeeze misses the ice beast.
The ice beast is lightly wounded.
You block the gnoll's attack. x2; The ice beast misses you.
You hit the ice beast but do no damage.
The ice beast is lightly wounded.
The gnoll hits you from afar with a +0 spear.
You block the gnoll's attack.
You barely miss the ice beast.
The ice beast is lightly wounded.
You block the ice beast's attack.
The gnoll hits you from afar with a +0 spear!
The gnoll hits you from afar with a +0 halberd!
You are too injured to fight recklessly!
You are too injured to fight recklessly!
You are too injured to fight recklessly!
You are too injured to fight recklessly!
You are too injured to fight recklessly!
You are too injured to fight recklessly!
You are too injured to fight recklessly!
You are too injured to fight recklessly!
You are too injured to fight recklessly!
You are too injured to fight recklessly!
You are too injured to fight recklessly!
Unknown command.
A demon appears!
The ice beast hits you.
* * * LOW HITPOINT WARNING * * *
The ice beast freezes you!
* * * LOW HITPOINT WARNING * * *
You block the gnoll's attack.
The gnoll hits you from afar with a +0 halberd!
You die...

...#..)...........#)......#
)..#..............#.......+
)).#.......##'#####.......#
))##..##...#..............#
..######...#.......#######
..##...#...#..<....#
...#...'...#.....g.+
..##..##...#....3..#
..##..##...#....@.g#
..'...######.....Y.'....
..##..# ..........#....
..##..# ..........# ...
.>##### ...........# ## ..#
...........# ..#
###.......# ### #.......#


You could see an ice beast, 2 gnolls and a friendly smoke demon (summoned).

Vanquished Creatures
  Prince Ribbit (D:6)
  A steam dragon (D:6)
  Menkaure (D:5)
  A black bear (D:6)
  An ogre (D:6)
  2 phantoms
  2 kobold brigands
  2 bullfrogs (D:7)
  4 scorpions
  A centaur zombie (Ossuary)
  A human zombie (Ossuary)
  2 hounds
  A gnoll bouda (D:6)
  3 orc priests
  2 jellies (D:4)
  3 iguanas
  Jessica (D:2)
  3 sleepcaps
  A mummy (Ossuary)
  Robin (D:2)
  4 adders
  5 gnolls (D:5)
  A white imp (D:6)
  An ufetubus (D:6)
  2 worms (D:3)
  A dart slug (D:1)
  6 orcs
  6 bats
  9 endoplasms
  A giant cockroach (D:1)
  20 goblins
  7 hobgoblins
  2 quokkas
  8 ball pythons
  3 frilled lizards
  5 hobgoblin zombies (Ossuary)
  A jackal zombie (Ossuary)
  19 kobolds
  11 kobold zombies (Ossuary)
  7 orc zombies (Ossuary)
  8 rats
161 creatures vanquished.

Vanquished Creatures (collateral kills)
  3 ogres
  A phantom (D:5)
  A howler monkey (D:5)
  2 human zombies (Ossuary)
  A mummy (Ossuary)
  An adder zombie (Ossuary)
  A dart slug (D:5)
  4 orcs (D:5)
  A jackal (D:5)
  3 hobgoblin zombies (Ossuary)
  2 kobold zombies (Ossuary)
  An orc zombie (Ossuary)
  2 rat zombies (Ossuary)
23 creatures vanquished.

Grand Total: 184 creatures vanquished

Notes
Turn   | Place    | Note
-------+----------+-------------------------------------------
     0 | D:1      | omnomnOMINOUS the Octopode Wanderer began the quest for the
                  | Orb.
     0 | D:1      | omnomnOMINOUS set off with the following items: a +0
                  | dagger, 14 poisoned darts, a +0 buckler of protection, a
                  | scroll of fog; and the following spell memorised: Sting;
                  | and the following spells available to memorise: Ignite
                  | Poison.
     0 | D:1      | Reached XP level 1. HP: 11/11 MP: 2/2
    92 | D:1      | Found a faded altar of an unknown god.
   103 | D:1      | Prayed at the altar of an unknown god.
   103 | D:1      | Became a worshipper of Makhleb the Destroyer
   103 | D:1      | Reached * piety under Makhleb
   163 | D:1      | Reached XP level 2. HP: 18/18 MP: 3/3
   282 | D:1      | You fall into a shaft and drop 1 floor!
   455 | D:1      | Reached skill level 1 in Fighting
   562 | D:1      | Reached XP level 3. HP: 23/23 MP: 4/4
   839 | D:2      | Reached ** piety under Makhleb
   901 | D:2      | Noticed Robin
   916 | D:2      | Killed Robin
   922 | D:2      | Reached skill level 1 in Stealth
   994 | D:2      | Reached skill level 1 in Short Blades
   994 | D:2      | Reached XP level 4. HP: 28/28 MP: 5/5
  1064 | D:2      | Noticed Jessica
  1069 | D:2      | Killed Jessica
  1561 | D:3      | Reached XP level 5. HP: 32/34 MP: 6/6
  1582 | D:3      | Reached *** piety under Makhleb
  2167 | D:4      | Noticed an ogre
  2170 | D:4      | Reached skill level 3 in Dodging
  2173 | D:4      | Noticed an ogre
  2178 | D:4      | Noticed a ynoxinul
  2193 | D:4      | Killed an ogre
  2194 | D:4      | Reached XP level 6. HP: 19/40 MP: 7/7
  2823 | D:4      | Reached XP level 7. HP: 18/45 MP: 8/8
  3240 | D:5      | Entered Level 5 of the Dungeon
  3348 | D:5      | Found a sand-covered staircase.
  3353 | Ossuary  | Entered an ossuary
  3394 | Ossuary  | Reached skill level 4 in Dodging
  3494 | Ossuary  | Reached **** piety under Makhleb
  3713 | D:5      | Found a staircase to the Ecumenical Temple.
  3767 | D:5      | Reached XP level 8. HP: 35/53 MP: 10/10
  4164 | D:5      | Noticed Menkaure
  4173 | D:5      | Killed Menkaure
  4412 | D:6      | Reached skill level 5 in Dodging
  4565 | D:6      | Reached skill level 5 in Shields
  4592 | D:6      | Found a sacrificial altar of Ru.
  4592 | D:6      | Found a hazy altar of Hepliaklqana.
  4592 | D:6      | Found a glowing silver altar of Zin.
  4592 | D:6      | Found a blossoming altar of Fedhas.
  4593 | D:6      | Found a sparkling altar of Nemelex Xobeh.
  4593 | D:6      | Found an iron altar of Okawaru.
  4720 | D:6      | Noticed Prince Ribbit
  4731 | D:6      | Killed Prince Ribbit
  4732 | D:6      | Reached skill level 5 in Fighting
  4732 | D:6      | Reached skill level 5 in Invocations
  4732 | D:6      | Reached XP level 9. HP: 54/61 MP: 12/12
  4773 | D:6      | Found a hide-covered altar of Uskayaw.
  4773 | D:6      | Found a broken altar of Ashenzari.
  4774 | D:6      | Found an opulent altar of Gozag.
  4865 | D:6      | Reached skill level 5 in Short Blades
  5883 | D:7      | Reached skill level 6 in Dodging
  5934 | D:7      | Noticed Joseph
  6255 | D:7      | Slain by a gnoll

Illustrated notes

Levels and vault maps discovered:
D:1:      lightli_arrival_quake, layout_basic, ebering_ecumenical_altar_webs
D:2:      layout_basic, uniq_robin, uniq_jessica
D:3:      layout_loops_ring, minmay_starry_boxes
D:4:      layout_loops_corners, chequers_serial_rivers_marsh
D:5:      layout_gridville, minmay_temple_entry_hall, enter_ossuary_5,
          minmay_chambers_of_fives, uniq_menkaure
D:6:      layout_basic, nicolae_overflows_in_rows, uniq_prince_ribbit1
D:7:      layout_gridville, minmay_holes, uniq_joseph

Skill      XL: |  1  2  3  4  5  6  7  8  9 |
---------------+----------------------------+-----
Fighting       | 1 2 3 5 |  5.6
Stealth        | 1 2 |  2.4
Short Blades   | 1 2 3 4 5 |  5.5
Shields        | 3 4 5 |  5.0
Dodging        | 3 4 5 6 |  6.1
Invocations    | 2 3 5 |  5.9
Throwing       | |  1.0
Spellcasting   | |  1.0
Poison Magic   | |  2.4
Evocations     | |  1.1

Action                     |  1- 3 |  4- 6 |  7- 9 || total
---------------------------+-------+-------+-------++-------
  Melee: Dagger            |    83 |   102 |   284 ||   469
         Tentacles         |    24 |    18 |   104 ||   146
         Constrict         |    23 |    19 |    72 ||   114
         Punch             |     3 |     3 |     7 ||    13
         Unarmed           |       |       |     3 ||     3
 Invoke: Lesser Servant of |       |     3 |     5 ||     8
         Minor Destruction |       |     3 |     9 ||    12
    Use: Scroll            |       |       |    13 ||    13
         Potion            |       |       |     3 ||     3
   Stab: Sleeping          |     5 |    16 |     8 ||    29
         Distracted        |       |       |     1 ||     1
 Armour: Skin              |    14 |    20 |    36 ||    70
  Dodge: Dodged            |    33 |    41 |   115 ||   189
  Block: Buckler           |    34 |    55 |   135 ||   224
         Reflection        |     2 |     1 |     1 ||     4

Table legend: (Time is in decaauts)
 A = Elapsed time spent in this place.
 B = Non-inter-level travel time spent in this place.
 C = Inter-level travel time spent in this place.
 D = Time resting spent in this place.
 E = Time spent auto-exploring this place.
 F = Levels seen in this place.
 G = Mean time per level.
                   A        B        C        D        E       F      G
               +--------+--------+--------+--------+--------+-----+--------+
         Total |   6205 |   6042 |    163 |    694 |   4104 |   8 |  775.6 |
       Dungeon |   5937 |   5774 |    163 |    688 |   4013 |   7 |  848.1 |
       Ossuary |    268 |    268 |      0 |      6 |     91 |   1 |  268.0 |
               +--------+--------+--------+--------+--------+-----+--------+

Top non-repeatable levels by time:
     D:6: 1317 daAuts
     D:4: 1135 daAuts
     D:5: 838 daAuts
     D:3: 728 daAuts
     D:2: 723 daAuts
     D:1: 649 daAuts
     D:7: 544 daAuts
 Ossuary: 268 daAuts
